 Dungeon Crawl Stone Soup version 0.18.1-50-g88ac8fd (webtiles) character file.

17 ConcreteMessiah the Skirmisher (level 2, -5/21 HPs)
             Began as an Octopode Fighter on Feb 6, 2017.
             Killed from afar by Sigmund (9 damage)
             ... with a puff of flame
             ... on level 2 of the Dungeon.
             The game lasted 00:01:44 (186 turns).

ConcreteMessiah the Skirmisher (Octopode Fighter)    Turns: 186, Time: 00:01:46

Health: -5/21      AC:  1    Str: 15    XL:     2   Next: 62%
Magic:  2/2        EV: 10    Int: 10    God:
Gold:   35         SH:  8    Dex: 11    Spells: 0 memorised, 1 level left

rFire  . . .     SeeInvis .     a - +0 war axe
rCold  . . .     Gourm    .     b - +0 shield
rNeg   . . .     Faith    .     (helmet restricted)
rPois  .         Spirit   .     (no amulet)
rElec  .         Dismiss  .     (no ring)
rCorr  .         Reflect  .     (no ring)
SustAt .         Harm     .     (no ring)
MR     .....                    (no ring)
Stlth  +++.......               (no ring)
                                (no ring)
                                (no ring)
                                (no ring)

@: not resistant to hostile enchantments, fairly stealthy
A: almost no armour, amphibious, 8 rings, constrict 8, camouflage 1, gelatinous
body 1
a: no special abilities


You were on level 2 of the Dungeon.
You were not hungry.

You visited 1 branch of the dungeon, and saw 2 of its levels.

You collected 35 gold pieces.

Inventory:

Hand Weapons
 a - a +0 war axe (weapon)
Armour
 b - a +0 shield (worn)
Potions
 c - a potion of might
 e - a potion of curing {unknown}
 g - a potion of haste {unknown}
Comestibles
 d - 2 bread rations
 f - a beef jerky
 h - 4 chunks of flesh
 i - a meat ration


   Skills:
 + Level 3.2 Fighting
 * Level 2.1 Axes
 + Level 3.2 Dodging
 * Level 1.5 Stealth
 + Level 3.1 Shields


You had one spell level left.
You didn't know any spells.

Dungeon Overview and Level Annotations

Branches:
Dungeon (1/15)

Altars:
Nemelex Xobeh
Trog
The Shining One

Annotations:
D:2 Sigmund


Innate Abilities, Weirdness & Mutations

You cannot wear most types of armour.
You are amphibious.
You can wear up to eight rings at the same time.
You can use your tentacles to constrict eight enemies at once.
Your skin changes colour to match your surroundings (Stealth).
Your rubbery body absorbs attacks (AC +1).


Message History

You completely miss the adder. Sigmund casts a spell at you.
You block the puff of flame. The adder misses you. Sigmund misses you.
The adder bites you. x2
You see here a whip.
You barely miss Sigmund. Your grab misses Sigmund. You barely miss the adder.
Sigmund closely misses you. The adder bites you.
* * * LOW HITPOINT WARNING * * *
The adder barely misses you.
You slash Sigmund! Your grab misses Sigmund. You squeeze Sigmund.
Sigmund is heavily wounded.
You barely miss the adder. You block Sigmund's attack.
The adder closely misses you.
You barely miss Sigmund. You grab Sigmund. You squeeze Sigmund!
Sigmund is severely wounded.
You miss the adder. You constrict Sigmund. The adder bites you.
* * * LOW HITPOINT WARNING * * *
Sigmund casts a spell at you. The puff of flame hits you!
You die...

######...##.####
#.## ###....####
#...
##########.....#
####
#.....#.....##.# #
.............#.# ..
...............###
.#
...[...............
.................##
......@@......##.#
.......S......# ...
.................###
.............###.
#.....#.....## #
##########.## .# .#


You could see Sigmund and an adder.

Vanquished Creatures
  An ooze (D:2)
  A worm (D:2)
  A bat (D:2)
  2 hobgoblins (D:2)
  2 jackals (D:2)
  2 kobolds (D:2)
9 creatures vanquished.

Notes
Turn   | Place    | Note
--------------------------------------------------------------
     0 | D:1      | ConcreteMessiah the Octopode Fighter began the quest for the Orb.
     0 | D:1      | Reached XP level 1. HP: 16/16 MP: 1/1
     1 | D:1      | You fall through a shaft!
     5 | D:2      | Found a sparkling altar of Nemelex Xobeh.
    22 | D:2      | Reached XP level 2. HP: 21/21 MP: 2/2
   118 | D:2      | Found a bloodstained altar of Trog.
   123 | D:2      | Reached skill level 1 in Stealth
   154 | D:2      | Found a glowing golden altar of the Shining One.
   178 | D:2      | Noticed Sigmund
   186 | D:2      | Killed from afar by Sigmund

Skill      XL: |  1  2 |
---------------+-------+-----
Stealth        | 1 |  1.5
Fighting       | |  3.2
Axes           | |  2.1
Dodging        | |  3.2
Shields        | |  3.1

Action                   || total
-------------------------++-------
Melee: War axe           ||    14
       Constrict         ||     3
       Tentacles         ||     3
 Stab: Sleeping          ||     4
Armor: Skin              ||     1
Dodge: Dodged            ||    10
Block: Shield            ||     5
